 Dungeon Crawl Stone Soup version 0.29.0-7-g18a832c13a (webtiles) character file.

Game seed: 9412450916054526880

185 SnakkuSnakku7 the Slasher (level 5, -1/36 HPs)
             Began as a Merfolk Air Elementalist on Aug 30, 2022.
             Killed from afar by Natasha (5 damage)
             ... with a magic dart
             ... on level 2 of the Dungeon.
             The game lasted 00:04:01 (2676 turns).

SnakkuSnakku7 the Slasher (MfAE)                    Turns: 2676, Time: 00:04:02

Health: -1/36      AC:  7    Str: 15    XL:     5   Next: 64%
Magic:  8/8        EV: 10    Int: 17    God:
Gold:   142        SH:  0    Dex: 16    Spells: 7/8 levels left

rFire   . . .      SeeInvis .   a - +0 long sword
rCold   . . .      Faith    .   (no shield)
rNeg    . . .      Spirit   .   f - +0 scale mail
rPois   .          Reflect  .   (no helmet)
rElec   .          Harm     .   (no cloak)
rCorr   .          Rampage  .   (no gloves)
Will    .....                   s - +0 pair of boots
Stlth   +.........              (no amulet)
HPRegen 0.12/turn               d - ring of wizardry
MPRegen 0.11/turn               j - ring "Mashryth" {Fly Str+6 Int+3}

@: flying, slowed, very slow
A: (nimble swimmer 2), mertail
a: no special abilities


You were on level 2 of the Dungeon.
You visited 1 branch of the dungeon, and saw 3 of its levels.

You collected 142 gold pieces.

Inventory:

Hand Weapons
 a - a +0 long sword (weapon)
Missiles
 l - 8 poisoned darts (quivered)
Armour
 e - a +0 robe
 f - a +0 scale mail (worn)
 s - a +0 pair of boots (worn)
Jewellery
 d - a ring of wizardry (left hand)
 i - an amulet of magic regeneration
 j - the ring "Mashryth" (right hand) {Fly Str+6 Int+3}
   (You found it on level 2 of the Dungeon)

   [ring of strength]

   Str:       It affects your strength (+6).
   Int:       It affects your intelligence (+3).
   Fly:       It grants you flight.
Scrolls
 c - a scroll of teleportation {unknown}
 g - a scroll of fear {unknown}
 h - a scroll of amnesia {unknown}
 k - a scroll of poison {unknown}
 m - 2 scrolls of identify {unknown}
 n - 3 scrolls of noise {unknown}
 o - 2 scrolls of summoning {unknown}
 q - a scroll of blinking {unknown}
 r - a scroll of vulnerability {unknown}
 u - a scroll of magic mapping {unknown}
Potions
 b - a potion of magic
 p - a potion of brilliance {unknown}
 t - a potion of might {unknown}
 v - 2 potions of mutation {unknown}


   Skills:
 - Level 0.4 Fighting
 + Level 5.2 Long Blades
 + Level 2.3 Throwing
 - Level 2.6 Dodging
 - Level 2.1 Stealth
 - Level 2.0 Spellcasting
 - Level 0.7 Conjurations
 - Level 2.4 Air Magic


You had 7 spell levels left.
You knew the following spells:

 Your Spells              Type           Power      Damage    Failure   Level
a - Shock                 Conj/Air       28%        1d4       17%         1

Your spell library contained the following spells:

 Spells                   Type           Power      Damage    Failure   Level
 Static Discharge         Conj/Air       7%         3-4/arc   26%         2
 Swiftness                Air            9%         N/A       34%         3
 Airstrike                Air            4%         2d(1-17)  73%         4
 Sticky Flame             Conj/Fire      2%         2d3       93%         4
 Dispel Undead            Necr           1%         3d6       95%         4


Dungeon Overview and Level Annotations

Branches:
Dungeon (3/15)

Altars:
Ashenzari

Annotations:
D:2 Natasha


Innate Abilities, Weirdness & Mutations

((You are very nimble when in or above water. (Stealth+, EV+, Speed+++)))
Your lower body shifts to a powerful aquatic tail in water.


Message History

You hit Natasha.
Natasha is lightly wounded.
Natasha casts a spell at you.
You feel as though you will be slow longer.
Natasha stares at you and mumbles some strange words.
The magic dart hits you.
You hit Natasha.
Natasha is lightly wounded.
The shadow imp shouts, "Decamp, thou plume-plucked half-faced pumpion!"
Natasha claws you. The crimson imp closely misses you.
Natasha mumbles some strange words.
Unknown command.
You barely miss Natasha.
Natasha is lightly wounded.
The crimson imp barely misses you. Natasha claws you but does no damage.
The crimson imp closely misses you. The crimson imp hits you.
Natasha claws you.
You closely miss Natasha.
Natasha is lightly wounded.
The crimson imp closely misses you. x2
Natasha casts a spell at you. The magic dart hits you!
The crimson imp hits you but does no damage. x2
You hit Natasha.
Natasha is lightly wounded.
Natasha claws you.
* * * LOW HITPOINT WARNING * * *
The crimson imp barely misses you.
The crimson imp hits you but does no damage.
Natasha claws you.
* * * LOW HITPOINT WARNING * * *
The crimson imp misses you.
You miss Natasha. You punch Natasha.
Natasha is moderately wounded.
The crimson imp hits you but does no damage.
Natasha closely misses you.
The crimson imp hits you but does no damage. x2
Natasha casts a spell at you. The magic dart hits you.
You die...

######.####.h.#...##........#
#......#####.###.#.###.#
#†####...#$............# #.#
####.#......##.###.# #.#
#.........#......... #)#
#.###.......######.#
#.###.###.#.#..## #.#
#......##.#5#..# #..
#####..##.5@#..# #..####h#..#
#..# b5...# #... ..!....
#..........# #######.##.# ...
.! ... ..


You could see Natasha, 2 crimson imps, a shadow imp (summoned) and a bat.

Vanquished Creatures
  A howler monkey (D:3)
  Natasha (twice) (D:2)
  A gnoll (D:1)
  4 adders
  A dart slug (D:2)
  An orc (D:3)
  6 ball pythons
  3 bats (D:3)
  3 endoplasms
  3 giant cockroaches
  4 goblins
  4 hobgoblins
  3 kobolds
  5 quokkas
  3 frilled lizards
  7 rats (D:1)
51 creatures vanquished.

Notes
Turn   | Place    | Note
-------+----------+-------------------------------------------
     0 | D:1      | SnakkuSnakku7 the Merfolk Air Elementalist began the quest
                  | for the Orb.
     0 | D:1      | Reached XP level 1. HP: 13/13 MP: 3/3
   251 | D:1      | Reached skill level 2 in Long Blades
   251 | D:1      | Reached XP level 2. HP: 15/20 MP: 0/5
   492 | D:1      | Reached XP level 3. HP: 13/25 MP: 6/6
   678 | D:1      | Reached skill level 3 in Long Blades
   700 | D:1      | Found a faded altar of an unknown god.
  1019 | D:2      | Identified the ring "Mashryth" {Fly Str+6 Int+3}
  1087 | D:2      | Reached skill level 4 in Long Blades
  1105 | D:2      | Noticed Natasha
  1108 | D:2      | Reached XP level 4. HP: 29/31 MP: 7/7
  1354 | D:3      | Reached skill level 1 in Throwing
  1925 | D:3      | Found a broken altar of Ashenzari.
  2112 | D:3      | Reached XP level 5. HP: 27/36 MP: 8/8
  2420 | D:2      | Killed Natasha
  2421 | D:2      | Reached skill level 5 in Long Blades
  2428 | D:2      | Noticed Natasha
  2623 | D:2      | Killed Natasha
  2662 | D:2      | Noticed Natasha
  2676 | D:2      | Killed from afar by Natasha

Illustrated notes

Levels and vault maps discovered:
D:1:      dpeg_arrival_pond, layout_rooms, ebering_ecumenical_altar_petrified
D:2:      layout_loops_ring, uniq_natasha
D:3:      layout_basic, nicolae_ashenzari_panopticon

Skill      XL: |  1  2  3  4  5 |
---------------+----------------+-----
Long Blades    | 2 4 5 |  5.2
Throwing       | 1 2 |  2.3
Fighting       | |  0.4
Dodging        | |  2.6
Stealth        | |  2.1
Spellcasting   | |  2.0
Conjurations   | |  0.7
Air Magic      | |  2.4

Action                   |  1- 3 |  4- 6 || total
-------------------------+-------+-------++-------
Melee: Long sword        |    74 |   104 ||   178
       Punch             |       |     3 ||     3
Throw: Dart              |       |     1 ||     1
 Cast: Shock             |     6 |       ||     6
  Use: Potion            |       |     1 ||     1
 Stab: Sleeping          |     3 |       ||     3
Armor: Robe              |     4 |       ||     4
       Scale mail        |    22 |    58 ||    80
Dodge: Dodged            |    29 |    74 ||   103
